Workbook

Sheet Cashbook
A1: Woodbastwick (Inc. Ranworth & Panxworth) Parish Council
A2: Income & Expenditure 2022-2023 (Current Account)
A4: Date | B4: Pay Method | C4: Name | D4: Description | E4: Budget Code | F4: Paid In | G4: Net Amount | H4: VAT Element | I4: Paid Out (Gross) | J4: Balance | K4: Comments
J5: 1851.93
A6: 44657 | B6: 000712 | C6: NALC | D6: Councillor & Clerk Training | E6: Tra | G6: 85 | H6: 17 | I6: 102 | J6: =SUM(J5+F6-I6) -> 1749.93
A7: 44657 | B7: 000713 | C7: Woodbastwick Village Hall | D7: Hire Fee | E7: RH | G7: 25 | H7: 0 | I7: 25 | J7: =SUM(J6+F7-I7) -> 1724.93
A8: 44657 | B8: 000714 | C8: C. Purdy | D8: Salary | E8: CS | G8: 193.6 | H8: 0 | I8: 193.6 | J8: =SUM(J7+F8-I8) -> 1531.33
A9: 44676 | B9: BACS | C9: Broadland District Council | D9: Precept | E9: Pre | F9: 3300 | J9: =SUM(J8+F9-I9) -> 4831.33
A10: 44685 | B10: 000715 | C10: NALC | D10: Subscription | E10: Subs | G10: 160.18 | H10: 0 | I10: 160.18 | J10: =SUM(J9+F10-I10) -> 4671.15
A11: 44685 | B11: 000716 | C11: Zurich Municpal | D11: PL Insurance | E11: Ins | G11: 319.69 | H11: 0 | I11: 319.69 | J11: =SUM(J10+F11-I11) -> 4351.46
A12: 44685 | B12: 000717 | C12: C. Purdy | D12: Salary (inc back pay) | E12: CS | G12: 385.6 | H12: 0 | I12: 385.6 | J12: =SUM(J11+F12-I12) -> 3965.86
D13: Expenses | E13: Misc | G13: 52.81 | H13: 10.57 | I13: =SUM(G13+H13) -> 63.38 | J13: =SUM(J12+F13-I13) -> 3902.48
A14: 44685 | B14: 000718 | C14: London Hearts | D14: Defibrillator Purchase | E14: Cap | G14: 1311 | H14: 262.2 | I14: =SUM(G14+H14) -> 1573.2 | J14: =SUM(J13+F14-I14) -> 2329.28
A15: 44692 | B15: Transfer | C15: From Savings Account | D15: Reimbursement of defib & Clerk back pay | F15: 1765.2 | I15: =SUM(G15+H15) -> 0 | J15: =SUM(J14+F15-I15) -> 4094.48
A16: 44713 | B16: 000719 | C16: Woodbastwick Village Hall | D16: Hire Fee | E16: RH | G16: 50 | H16: 0 | I16: =SUM(G16+H16) -> 50 | J16: =SUM(J15+F16-I16) -> 4044.48
A17: 44713 | B17: 000720 | C17: C. Purdy | D17: Salary | E17: CS | G17: 220.6 | H17: 0 | I17: =SUM(G17+H17) -> 220.6 | J17: =SUM(J16+F17-I17) -> 3823.88
A18: 44713 | B18: 000721 | C18: J W Gallop | D18: Internal Audit Fee | E18: IA | G18: 125 | H18: 0 | I18: =SUM(G18+H18) -> 125 | J18: =SUM(J17+F18-I18) -> 3698.88
A19: 44729 | B19: BACS | C19: HMRC | D19: VAT reclaim (2020 to date) | F19: 150.51 | J19: =SUM(J18+F19-I19) -> 3849.39
A20: 44750 | B20: 000722 | C20: ETF Electrical | D20: Defibrillator Installation | E20: defib | G20: 180.4 | H20: 36.08 | I20: =SUM(G20+H20) -> 216.48 | J20: =SUM(J19+F20-I20) -> 3632.91
A21: 44750 | B21: 000723 | C21: C. Purdy | D21: Salary (Jul, Aug) | E21: CS | G21: 401.6 | H21: 0 | I21: =SUM(G21+H21) -> 401.6 | J21: =SUM(J20+F21-I21) -> 3231.31
A22: 44750 | B22: 000724 | C22: NALC | D22: Training (to replace chq.000710 unpresented) | E22: Tra | G22: 25 | H22: 5 | I22: =SUM(G22+H22) -> 30 | J22: =SUM(J21+F22-I22) -> 3201.31
A23: 44804 | B23: Transfer | C23: From Savings Account | D23: Defibrillator Installation reimbursement | E23: defib | F23: 216.48 | G23: 0 | H23: 0 | I23: =SUM(G23+H23) -> 0 | J23: =SUM(J22+F23-I23) -> 3417.79
A24: 44811 | B24: 000725 | C24: C. Purdy | D24: Salary | E24: CS | G24: 193.6 | H24: 0 | I24: =SUM(G24+H24) -> 193.6 | J24: =SUM(J23+F24-I24) -> 3224.19
C25: Ranworth VH | D25: September Hire (reimbursement to clerk) | E25: RH | G25: 25 | H25: 0 | I25: =SUM(G25+H25) -> 25 | J25: =SUM(J24+F25-I25) -> 3199.19
A26: 44867 | B26: BACS | C26: C. Purdy | D26: Salary (Oct,Nov, Dec) | E26: CS | G26: 654.13 | H26: 0 | I26: =SUM(G26+H26) -> 654.13 | J26: =SUM(J25+F26-I26) -> 2545.06
A27: 44869 | B27: BACS | C27: Sue Hitchcock | D27: Village Book Expenses from ring fenced funds | G27: 150 | H27: 0 | I27: =SUM(G27+H27) -> 150 | J27: =SUM(J26+F27-I27) -> 2395.06
A28: 44869 | B28: Transfer | C28: From Savings Account | D28: Reimbursement for Sue Hitchcock's Expenese | F28: 150 | J28: =SUM(J27+F28-I28) -> 2545.06
A29: 44869 | B29: BACS | C29: C. H. Cator | D29: Chairman's expenses | E29: Misc | G29: 12.5 | H29: 2.5 | I29: 15 | J29: =SUM(J28+F29-I29) -> 2530.06
A30: 44869 | B30: BACS | C30: Woodbastwick Village Hall | D30: Hire Fee | E30: RH | G30: 25 | H30: 0 | I30: 25 | J30: =SUM(J29+F30-I30) -> 2505.06
A31: 44882 | B31: BACS | C31: Melba Products Ltd | D31: Dog Waste Bin | E31: Cap | G31: 134.32 | H31: 26.86 | I31: 161.18 | J31: =SUM(J30+F31-I31) -> 2343.88
A32: 44882 | B32: BACS | C32: The Ramblers Association NR | D32: Donation | E32: Odon | G32: 50 | H32: 0 | I32: 50 | J32: =SUM(J31+F32-I32) -> 2293.88
A33: 44930 | B33: BACS | C33: C. Purdy | D33: Salary inc. mileage | E33: CS | G33: 213.4 | H33: 0 | I33: 213.4 | J33: =SUM(J32+F33-I33) -> 2080.48
D34: Reimbursement for hamper scheme | E34: Odon | G34: 110.24 | H34: 3.44 | I34: 113.68 | J34: =SUM(J33+F34-I34) -> 1966.8
A35: 44930 | B35: BACS | C35: Woodbastwick Village Hall | D35: Hire Fee | E35: RH | G35: 25 | H35: 0 | I35: 25 | J35: =SUM(J34+F35-I35) -> 1941.8
A36: 44930 | B36: 000726 | C36: Data Protection Officer | D36: DP fee | E36: Subs | G36: 40 | H36: 0 | I36: 40 | J36: =SUM(J35+F36-I36) -> 1901.8
A37: 44958 | B37: BACS | C37: C. Purdy | D37: Salary inc. mileage | E37: CS | G37: 193.6 | H37: 0 | I37: 193.6 | J37: =SUM(J36+F37-I37) -> 1708.2
A38: 44958 | B38: BACS | C38: Woodbastwick Village Hall | D38: Hire Fee (reduced rate) | E38: RH | G38: 20 | H38: 0 | I38: 20 | J38: =SUM(J37+F38-I38) -> 1688.2
A39: 44986 | B39: BACS | C39: C. Purdy | D39: Salary inc. mileage | E39: CS | G39: 202.96 | H39: 0 | I39: 202.96 | J39: =SUM(J38+F39-I39) -> 1485.24
A40: 44986 | B40: BACS | C40: Woodbastwick Village Hall | D40: Hire Fee (reduced rate) | E40: RH | G40: 20 | H40: 0 | I40: 20 | J40: =SUM(J39+F40-I40) -> 1465.24
I41: =SUM(I6:I40) -> 5968.88

Sheet Yearly Summary
C1: Woodbastwick (Inc. Ranworth & Panxworth) Parish Council
C2: Income & Expenditure 2022-2023
A4: Date | B4: Pay Method | C4: Name | D4: Description | E4: Total | F4: VAT | G4: Precept Income | H4: Other Income | I4: Clerk Salary + Mileage | J4: WFH Contribution | K4: Phone Box | L4: Room Hire | M4: Internal Audit | N4: Subscriptions | O4: Insurance | P4: Stationery/Phone | Q4: Other Expenses | R4: S.137 Donations | S4: Other Donations | T4: Contingency | U4: Capital | V4: Speed Watch | W4: Training | X4: Dog Waste Emptying | Y4: Grass Cutting
A5: OPENING BALANCE | E5: 1851.93
A6: 44657 | B6: 000712 | C6: NALC | D6: Councillor & Clerk Training | E6: 102 | F6: 17 | W6: 85 | Z6: =SUM(F6:Y6) -> 102
A7: 44657 | B7: 000713 | C7: Woodbastwick Village Hall | D7: Hire Fee | E7: 25 | F7: ='Yearly Summary'!K38 -> 0 | L7: 25 | Z7: =SUM(F7:Y7) -> 25
A8: 44657 | B8: 000714 | C8: C. Purdy | D8: Salary | E8: 193.6 | F8: 0 | I8: 169.6 | J8: 24 | Z8: =SUM(F8:Y8) -> 193.6
A9: 44676 | B9: BACS | C9: Broadland District Council | D9: Precept | E9: 3300 | F9: 0 | G9: 3300 | Z9: =SUM(F9:Y9) -> 3300
A10: 44685 | B10: 000715 | C10: NALC | D10: Subscription | E10: 160.18 | F10: 0 | N10: 160.18 | Z10: =SUM(F10:Y10) -> 160.18
A11: 44685 | B11: 000716 | C11: Zurich Municpal | D11: PL Insurance | E11: 319.69 | F11: 0 | O11: 319.69 | Z11: =SUM(F11:Y11) -> 319.69
A12: 44685 | B12: 000717 | C12: C. Purdy | D12: Salary (inc back pay) | E12: 448.98 | F12: 10.57 | I12: 361.6 | J12: 24 | P12: 52.81 | Z12: =SUM(F12:Y12) -> 448.98
A13: 44685 | B13: 000718 | C13: London Hearts | D13: Defibrillator Purchase | E13: 1573.2 | F13: 262.2 | U13: 1311 | Z13: =SUM(F13:Y13) -> 1573.2
A14: 44692 | B14: Transfer | C14: From Savings Account | D14: Reimbursement of defib & Clerk back pay | E14: 1765.2 | F14: 0 | H14: 1765.2 | Z14: =SUM(F14:Y14) -> 1765.2
A15: 44713 | B15: 000719 | C15: Woodbastwick Village Hall | D15: Hire Fee | E15: 50 | F15: ='Yearly Summary'!R38 -> 0 | L15: 50 | Z15: =SUM(F15:Y15) -> 50
A16: 44713 | B16: 000720 | C16: C. Purdy | D16: Salary | E16: 220.6 | F16: 0 | I16: 196.6 | J16: 24 | Z16: =SUM(F16:Y16) -> 220.6
A17: 44713 | B17: 000721 | C17: J W Gallop | D17: Internal Audit | E17: 125 | F17: 0 | M17: 125 | Z17: =SUM(F17:Y17) -> 125
A18: 44729 | B18: BACS | C18: HMRC | D18: VAT reclaim (2020 to date) | E18: 150.51 | F18: ='Yearly Summary'!T38 -> 0 | H18: 150.51 | Z18: =SUM(F18:Y18) -> 150.51
A19: 44750 | B19: 000722 | C19: ETF Electrical | D19: Defibrillator Installation | E19: 216.48 | F19: 36.08 | Q19: 180.4 | Z19: =SUM(F19:Y19) -> 216.48
A20: 44750 | B20: 000723 | C20: C. Purdy | D20: Salary (July & Aug) | E20: 401.6 | F20: 0 | I20: 353.6 | J20: 48 | Z20: =SUM(F20:Y20) -> 401.6
A21: 44750 | B21: 000724 | C21: NALC | D21: Training (to replace chq.000710 unpresented) | E21: 30 | F21: 5 | W21: 25 | Z21: =SUM(F21:Y21) -> 30
A22: 44804 | B22: Transfer | C22: From Savings Account | D22: Defibrillator Installation reimbursement | E22: 216.48 | F22: 0 | H22: 216.48 | Z22: =SUM(F22:Y22) -> 216.48
A23: 44811 | B23: 000725 | C23: C. Purdy | D23: Salary | E23: 218.6 | F23: 0 | I23: 169.6 | J23: 24 | L23: 25 | Z23: =SUM(F23:Y23) -> 218.6
A24: 44867 | B24: BACS | C24: C. Purdy | D24: Salary (Oct, Nov, Dec) | E24: 654.13 | F24: 0 | I24: 508.8 | J24: 72 | L24: 25 | P24: 23.33 | S24: 25 | Z24: =SUM(F24:Y24) -> 654.13
A25: 44869 | B25: BACS | C25: Sue Hitchcock | D25: Village Book Expenses from ring fenced funds | E25: 150 | F25: 0 | Q25: 150 | Z25: =SUM(F25:Y25) -> 150
A26: 44869 | B26: Transfer | C26: From Savings Account | D26: Reimbursement for Sue Hitchcock's Expenese | E26: 150 | F26: 0 | H26: 150 | Z26: =SUM(F26:Y26) -> 150
A27: 44869 | B27: BACS | C27: C. H. Cator | D27: Chairman's expenses | E27: 15 | F27: 2.5 | P27: 12.5 | Z27: =SUM(F27:Y27) -> 15
A28: 44869 | B28: BACS | C28: Woodbastwick Village Hall | D28: Hire Fee | E28: 25 | F28: 0 | L28: 25 | Z28: =SUM(F28:Y28) -> 25
A29: 44882 | B29: BACS | C29: Melba Products Ltd | D29: Dog Waste Bin | E29: 161.18 | F29: 26.86 | U29: 134.32 | Z29: =SUM(F29:Y29) -> 161.18
A30: 44882 | B30: BACS | C30: The Ramblers Association NR | D30: Donation | E30: 50 | F30: 0 | S30: 50 | Z30: =SUM(F30:Y30) -> 50
A31: 44931 | B31: BACS | C31: C. Purdy | D31: Salary inc. mileage | E31: 327.08 | F31: 3.44 | I31: 189.4 | J31: 24 | S31: 110.24 | Z31: =SUM(F31:Y31) -> 327.08
A32: 44931 | B32: BACS | C32: Woodbastwick Village Hall | D32: Hire Fee | E32: 25 | F32: 0 | L32: 25 | Z32: =SUM(F32:Y32) -> 25
A33: 44931 | B33: 000726 | C33: Data Protection Officer | D33: DP fee | E33: 40 | F33: 0 | N33: 40 | Z33: =SUM(F33:Y33) -> 40
A34: 44958 | B34: BACS | C34: =Cashbook!C37 -> C. Purdy | D34: =Cashbook!D37 -> Salary inc. mileage | E34: 193.6 | F34: =Cashbook!F37 -> 0 | I34: 169.6 | J34: 24 | Z34: =SUM(F34:Y34) -> 193.6
A35: 44958 | B35: BACS | C35: =Cashbook!C38 -> Woodbastwick Village Hall | D35: =Cashbook!D38 -> Hire Fee (reduced rate) | E35: 20 | F35: =Cashbook!F38 -> 0 | L35: 20 | Z35: =SUM(F35:Y35) -> 20
A36: 44986 | B36: BACS | C36: =Cashbook!C39 -> C. Purdy | D36: =Cashbook!D39 -> Salary inc. mileage | E36: 202.96 | F36: =Cashbook!F39 -> 0 | I36: 178.96 | J36: 24 | Z36: =SUM(F36:Y36) -> 202.96
A37: 44986 | B37: BACS | C37: =Cashbook!C40 -> Woodbastwick Village Hall | D37: =Cashbook!D40 -> Hire Fee (reduced rate) | E37: 20 | F37: =Cashbook!F40 -> 0 | L37: 20 | Z37: =SUM(F37:Y37) -> 20 | AA37: =SUM(Z6:Z37) -> 11551.07
E38: =SUM(E6:E37) -> 11551.07 | F38: =SUM(F6:F37) -> 363.65 | G38: =SUM(G6:G37) -> 3300 | H38: =SUM(H6:H37) -> 2282.19 | I38: =SUM(I6:I37) -> 2297.76 | J38: =SUM(J6:J37) -> 288 | K38: =SUM(K6:K37) -> 0 | L38: =SUM(L6:L37) -> 215 | ... Y38: =SUM(Y6:Y37) -> 0
Y40: =SUM(F38:Y38) -> 11551.07

Sheet Savings Account
A1: Woodbastwick (Inc. Ranworth & Panxworth) Parish Council
A2: Income & Expenditure 2022-2023 (Reserve Account)
A4: Date | B4: Pay Method | C4: Name | D4: Description | E4: Paid In | F4: Paid Out | G4: Balance | H4: Comments
G5: 6029.4
A6: 44662 | B6: Credit | C6: Lloyds Bank | D6: Interest | E6: 0.05 | G6: =SUM(G5+E6-F6) -> 6029.45
A7: 44690 | B7: Credit | C7: Lloyds Bank | D7: Interest | E7: 0.05 | G7: =SUM(G6+E7-F7) -> 6029.5
A8: 44692 | B8: Transfer | C8: Lloyds Treasurer's Account | D8: To cover back pay May2022 | F8: 192 | G8: =SUM(G7+E8-F8) -> 5837.5
A9: 44692 | B9: Transfer | C9: Lloyds Treasurer's Account | D9: To cover Defib purchase | F9: ='Defib Costs'!$I$5 -> 1573.2 | G9: =SUM(G8+E9-F9) -> 4264.3
A10: 44721 | B10: Credit | C10: Lloyds Bank | D10: Interest | E10: 0.04 | G10: =SUM(G9+E10-F10) -> 4264.34
A11: 44753 | B11: Credit | C11: Lloyds Bank | D11: Interest | E11: 0.04 | G11: =SUM(G10+E11-F11) -> 4264.38
A12: 44782 | B12: Credit | C12: Lloyds Bank | D12: Interest | E12: 0.14 | G12: =SUM(G11+E12-F12) -> 4264.52
A13: 44804 | B13: Transfer | C13: Lloyds Bank | D13: To cover defib installation | F13: 216.48 | G13: =SUM(G12+E13-F13) -> 4048.04
A14: 44813 | B14: Credit | C14: Lloyds Bank | D14: Interest | E14: 0.18 | G14: =SUM(G13+E14-F14) -> 4048.22
A15: 44844 | B15: Credit | C15: Lloyds Bank | D15: Interest | E15: 0.17 | G15: =SUM(G14+E15-F15) -> 4048.39
A16: 44869 | B16: Transfer | C16: Lloyds Treasurer's Account | D16: To cover Millennium Book expenses | F16: 150 | G16: =SUM(G15+E16-F16) -> 3898.39
A17: 44874 | B17: Credit | C17: Lloyds Bank | D17: Interest | E17: 0.43 | G17: =SUM(G16+E17-F17) -> 3898.82
A18: 44904 | B18: Credit | C18: Lloyds Bank | D18: Interest | E18: 0.89 | G18: =SUM(G17+E18-F18) -> 3899.71
A19: 44935 | B19: Credit | C19: Lloyds Bank | D19: Interest | E19: 1.67 | G19: =SUM(G18+E19-F19) -> 3901.38
A20: 44966 | B20: Credit | C20: Lloyds Bank | D20: Interest | E20: 1.99 | G20: =SUM(G19+E20-F20) -> 3903.37
A21: 44994 | B21: Credit | C21: Lloyds Bank | D21: Interest | E21: 1.84 | G21: =SUM(G20+E21-F21) -> 3905.21

Sheet Budgets
A1: Woodbastwick (Inc. Ranworth & Panxworth) Parish Council
A2: 2022-2023 Budget & Actuals (Current Account)
H3: DRAFT BUDGET FIGURES
A4: Description | C4: Budget 2022/23 | D4: Actual Spend (excl. VAT) | E4: FROM YEARLY SUMMARY | F4: Current Difference | G4: Comments | H4: 2023/24
A5: Clerk's Salary and mileage | C5: 1857 | D5: 2022.53 | E5: ='Yearly Summary'!I38 -> 2297.76 | F5: =SUM(C5-E5) -> -440.76 | G5: Includes mid-year adjustment for back pay | H5: 2721.68 | I5: INC.extra half hour
A6: HMRC Working from Home Costs | C6: 0 | D6: 216 | E6: ='Yearly Summary'!J38 -> 288 | F6: =SUM(C6-E6) -> -288 | H6: 312
A7: Phone Box Costs | C7: 100 | D7: 0 | E7: ='Yearly Summary'!K38 -> 0 | F7: =SUM(C7-E7) -> 100 | H7: 70
A8: Room Hire | C8: 250 | D8: 125 | E8: ='Yearly Summary'!L38 -> 215 | F8: =SUM(C8-E8) -> 35 | H8: 225 | I8: 5 x £20 + 5 x £25
A9: External Audit | C9: 0 | F9: =SUM(C9-E9) -> 0
A10: Internal Audit | C10: 150 | D10: 125 | E10: ='Yearly Summary'!M38 -> 125 | F10: =SUM(C10-E10) -> 25 | H10: 150
A11: Subscriptions (NALC/DPO etc) | C11: 160 | D11: 200.18 | E11: ='Yearly Summary'!N38 -> 200.18 | F11: =SUM(C11-E11) -> -40.18 | H11: 200
A12: Insurances | C12: 368 | D12: 319.69 | E12: ='Yearly Summary'!O38 -> 319.69 | F12: =SUM(C12-E12) -> 48.31 | H12: 370
A13: Stationery, Phone | C13: 100 | D13: 52.82 | E13: ='Yearly Summary'!P38 -> 88.64 | F13: =SUM(C13-E13) -> 11.36 | H13: 100
A14: Other Expenses | C14: 30 | D14: 0 | E14: ='Yearly Summary'!Q38 -> 330.4 | F14: 0 | G14: Sue Hitchcock & Defib installation expenditure has been paid for out of savings | H14: 30
A15: S.137 Donations | C15: 30 | D15: 0 | E15: ='Yearly Summary'!R38 -> 0 | F15: =SUM(C15-E15) -> 30 | H15: 30
A16: Other Donations | C16: 250 | D16: 135.24 | E16: ='Yearly Summary'!S38 -> 185.24 | F16: =SUM(C16-E16) -> 64.76 | H16: 150 | I16: Mostly used up by Xmas Hampers
A17: Contingency | C17: 100 | D17: 0 | E17: ='Yearly Summary'!T38 -> 0 | F17: =SUM(C17-E17) -> 100 | H17: 100
A18: Capital Expenditure eg. Grit Bins | C18: 100 | D18: 1311 | E18: ='Yearly Summary'!U38 -> 1445.32 | F18: 0 | G18: capital expenditure has been paid for out of savings account | H18: 100
A19: Community Speed Watch | C19: 50 | D19: 0 | E19: ='Yearly Summary'!V38 -> 0 | F19: =SUM(C19-E19) -> 50 | H19: 30
A20: Training | C20: 180 | D20: 110 | E20: ='Yearly Summary'!W38 -> 110 | F20: =SUM(C20-E20) -> 70 | H20: 150
A21: Dog waste bin emptying | C21: 0 | D21: 0 | E21: ='Yearly Summary'!X38 -> 0 | F21: =SUM(C21-E21) -> 0 | H21: 64.6 | I21: 17 empties at £3.80 each
A22: Grass Cutting | C22: 0 | D22: 0 | E22: ='Yearly Summary'!Y38 -> 0 | F22: =SUM(C22-E22) -> 0 | H22: 50 | I22: New heading (previously part of other donations)
C23: =SUM(C5:C20) -> 3725 | D23: =SUM(D5:D20) -> 4617.46 | E23: =SUM(E5:E22) -> 5605.23 | F23: =SUM(F5:F20) -> -234.51 | H23: =SUM(H5:H22) -> 4853.28
A24: VAT to be Refunded | C24: 150.51 | E24: ='Yearly Summary'!F38 -> 363.65 | H24: 352.26
A25: Precept | C25: 3300 | E25: 3300 | H25: 3300
C26: =SUM(C23-C24-C25) -> 274.49 | D26: =SUM(D24:D25) -> 0 | E26: =SUM(E23-E24-E25) -> 1941.58 | H26: =SUM(H24+H25-H23) -> -1201.02
G29: VAT to reclaim 23/24 | H29: 213.14 | I29: difference between claim made and remaining VAT figure
H30: 12.92 | I30: Dog waste contract
H31: 139.27 | I31: Dog bin
H32: =SUM(H29:H31) -> 365.33
A33: Transfers from Reserves to 'repay' current account have covered (exc. VAT): | D33: Defibrillator Purchase
B34: London Hearts | C34: Defib purchase | D34: Defibrillator Installation | G34: 1311
B35: C Purdy | C35: Back pay | G35: 192
B36: ETF Electrical | C36: Defib installation | G36: 180.4
B37: Sue Hitchcock | C37: Book expenses | G37: 150 | H37: =SUM(G34:G37) -> 1833.4

Sheet Ringfenced Sums
A1: Woodbastwick (Inc. Ranworth & Panxworth) Parish Council
A4: Earmarked reserves held in the Lloyds Bank Business Bank Instant Account
B9: Millennium Book | E9: 1682.89
B11: Less Spend in 2021/22:
C13: Catton Print | E13: 48 | G13: =SUM(E9-E13) -> 1634.89
B15: Less spend in 2022/23:
C17: Sue Hitchcock | E17: 150 | G17: =SUM(G13-E17) -> 1484.89
C21: Remaining Balance | H21: =SUM(E9-E13-E17) -> 1484.89
A25: Proposed fee David Benham | D25: STILL AWAITING INVOICE AT YEAR END | G25: 525

Sheet Defib Costs
A1: Woodbastwick (Inc. Ranworth & Panxworth) Parish Council
A2: Defib Costs
A4: Date | B4: Pay Method | C4: Name | D4: Description | E4: Budget Code | G4: Net Amount | H4: VAT Element | I4: Paid Out (Gross)
A5: 44685 | B5: 000718 | C5: London Hearts | D5: Defibrillator Purchase | E5: Cap | G5: 1311 | H5: 262.2 | I5: =SUM(G5+H5) -> 1573.2
A6: 44750 | B6: 000722 | C6: ETF Electrical | D6: Defibrillator Installation | E6: Other exp. | G6: 180.4 | H6: 36.08 | I6: =SUM(G6+H6) -> 216.48
G7: =SUM(G5:G6) -> 1491.4 | H7: =SUM(H5:H6) -> 298.28 | I7: =SUM(I5:I6) -> 1789.68
A9: £1,789.68 has been transferred from our Savings Account to cover entire cost.

Sheet Clerk's Report
A1: Clerk's Report 2022-2023
A3: This year has seen some significant expenditure for the council, most importantly on the defibrillator installed at Panxworth. It is also reassuring to see the Village (Millennium) Book nearing completion and spend from the ringfenced sums taking place and it is hoped this will be finished in the coming financial year.
A20: With careful monitoring, we have been able to finish the year with a cash balance of £1,465.24 in the current account and £3,905.21 in the savings, therefore avoiding the overspend we were facing in December.
A28: After many years of maintaining the previous precept, we finally had to admit that to balance the books and continue providing services for our villages, the reluctant decision was taken to increase the precept for 2023/24 to £4,000. This increase will allow for further capital spend on a new grit bin for Ranworth planned for May 2023.
